 Dungeon Crawl Stone Soup version 0.30-a0-737-gf23d94013f (webtiles) character file.

Game seed: 8351489313866593839

161 NinjaNoafa the Trooper (level 5, -1/43 HPs)
             Began as a Barachi Fighter on Feb 1, 2023.
             Slain by Natasha (5 damage)
             ... on level 3 of the Dungeon.
             The game lasted 00:03:42 (2340 turns).

NinjaNoafa the Trooper (Barachi Fighter)            Turns: 2340, Time: 00:03:43

Health: -1/43      AC:  5    Str: 17    XL:     5   Next: 42%
Magic:  5/5        EV: 11    Int:  8    God:
Gold:   111        SH:  5    Dex: 14    Spells: 4/4 levels left

rFire   . . .      SeeInvis .    a - +0 long sword
rCold   . . .      Faith    .    c - +0 buckler
rNeg    . . .      Spirit   .    o - +2 robe {Will+}
rPois   .          Reflect  .    (no helmet)
rElec   .          Harm     .    (no cloak)
rCorr   .          Rampage  .    q - +0 pair of gloves
Will    +....                    (no boots)
Stlth   +                        (no amulet)
HPRegen 0.27/turn                (no ring)
MPRegen 0.09/turn                (no ring)

@: slow
A: amphibious, slowness 1, strong legs 1, +LOS
a: Hop


You were on level 3 of the Dungeon.
You visited 1 branch of the dungeon, and saw 4 of its levels.

You collected 111 gold pieces.

Inventory:

Hand Weapons
 a - a +0 long sword (weapon)
Missiles
 m - 6 javelins (quivered)
Armour
 c - a +0 buckler (worn)
 o - a +2 robe of willpower (worn)
 q - a +0 pair of gloves (worn)
Jewellery
 e - a ring of fire
Scrolls
 b - a scroll of torment {unknown}
 g - 4 scrolls of identify {unknown}
 h - 3 scrolls of vulnerability {unknown}
 j - 3 scrolls of blinking {unknown}
 l - 2 scrolls of teleportation {unknown}
 n - a scroll of noise {unknown}
Potions
 f - a potion of flight {unknown}
 i - a potion of brilliance {unknown}
 k - a potion of attraction {unknown}


   Skills:
 + Level 4.6 Fighting
 - Level 4.0 Long Blades
 - Level 3.0 Throwing
 - Level 3.6 Armour
 - Level 1.1 Dodging
 - Level 3.2 Shields


You had 4 spell levels left.
You didn't know any spells.
Your spell library contained the following spells:

 Spells                   Type           Power      Damage    Failure   Level
 Freeze                   Ice            0%         1d3       50%         1
 Frozen Ramparts          Ice            0%         1d1       86%         3
 Hailstorm                Conj/Ice       0%         3d3       86%         3


Dungeon Overview and Level Annotations

Branches:
Dungeon (4/15)
 Temple: D:4-7

Altars:

Annotations:
D:3 2 transporters, Nabski's ghost, weakling TeAE; Natasha


Innate Abilities, Weirdness & Mutations

You are amphibious.
You cover ground slowly.
You can hop short distances.
You have an extended range of vision and can be seen from far away.


Message History

Throw: 8 javelins
Press: ? - help, Q - select action, (/) - cycle Shift-Dir - straight line, f/p - Natasha
Aim: Natasha (moderately wounded, 55% to hit)
You throw a javelin. The javelin barely misses the hound.
The javelin closely misses Natasha.
The hound bites you.
* * * LOW HITPOINT WARNING * * *
The orc misses you.
Natasha mumbles some strange words.
The hound barely misses you. You block the orc's attack.
You barely miss the hound.
The hound is almost dead.
The hound bites you but does no damage.
Natasha mumbles some strange words.
The orc hits you but does no damage. The hound bites you.
* * * LOW HITPOINT WARNING * * *
The crimson imp blinks!
Throw: 7 javelins
Press: ? - help, Q - select action, (/) - cycle Shift-Dir - straight line, f/p - Natasha
Aim: Natasha (moderately wounded, 55% to hit)
You throw a javelin. The javelin pierces through the hound!
You kill the hound!
The javelin completely misses Natasha.
The orc hits you from afar with a +0 trident.
* * * LOW HITPOINT WARNING * * *
The orc hits you from afar with a +0 trident.
* * * LOW HITPOINT WARNING * * *
Natasha claws you!
* * * LOW HITPOINT WARNING * * *
You barely miss Natasha.
Natasha is moderately wounded.
The orc misses you. Natasha completely misses you.
You feel better. You block the orc's attack.
Natasha stares at you and mumbles some strange words.
The magic dart hits you!
* * * LOW HITPOINT WARNING * * *
You barely miss Natasha.
Natasha is moderately wounded.
The orc barely misses you. Natasha claws you.
You die...

................(....###.###.#
[......(............####.# #.#
.)..................##...# #.#
..).)............5.###.### #.#
.).............>.......# ###.###
....................#### #.....#
..............##.o### #.....#
..............##h#########.....#
..........#...##@# #...........#
..........###.5..# #.#####.....#
########### #....###.# #.....#
#....##..# ####### #.......##
#....#### #....# #....# #....#


You could see Natasha, a crimson imp (summoned), a white imp (summoned,
wandering) and an orc.

Vanquished Creatures
  A hound (D:3)
  An iguana (D:3)
  An orc wizard (D:3)
  2 adders (D:3)
  A dart slug (D:1)
  4 orcs (D:3)
  2 ball pythons (D:1)
  10 bats
  6 endoplasms
  2 giant cockroaches (D:1)
  4 goblins
  3 hobgoblins
  8 jackals
  4 kobolds
  2 quokkas
  A frilled lizard (D:3)
  3 rats
55 creatures vanquished.

Notes
Turn   | Place    | Note
-------+----------+-------------------------------------------
     0 | D:1      | NinjaNoafa the Barachi Fighter began the quest for the Orb.
     0 | D:1      | Reached XP level 1. HP: 18/18 MP: 1/1
   152 | D:1      | Reached XP level 2. HP: 18/24 MP: 2/2
   473 | D:1      | Reached XP level 3. HP: 30/30 MP: 3/3
   946 | D:1      | Reached skill level 1 in Dodging
  1674 | D:3      | Found a faded altar of an unknown god.
  1788 | D:3      | Reached skill level 1 in Throwing
  1788 | D:3      | Reached XP level 4. HP: 35/37 MP: 4/4
  2014 | D:3      | Found a transporter.
  2016 | D:3      | Noticed Nabski's ghost (weakling TeAE)
  2069 | D:3      | Found a transporter.
  2116 | D:3      | HP: 1/37 [something/magic dart (8)]
  2123 | D:3      | Reached XP level 5. HP: 7/42 MP: 5/5
  2313 | D:4      | Noticed Natasha
  2340 | D:3      | Slain by Natasha

Illustrated notes

Levels and vault maps discovered:
D:1:      minmay_arrival_split_and_join, layout_basic
D:2:      layout_rooms, serial_glass, glass_columns_c, glass_columns_a
D:3:      layout_rooms, ebering_ecumenical_altar_abandoned,
          gammafunk_ghost_mausoleum
D:4:      wad_pebble_path, layout_loops_ring, uniq_natasha

Skill      XL: |  1  2  3  4 |
---------------+-------------+-----
Long Blades    | 3 4 |  4.0
Dodging        | 1 |  1.1
Fighting       | 4 |  4.6
Throwing       | 1 3 |  3.0
Armour         | |  3.6
Shields        | |  3.2

Action                     |  1- 3 |  4- 6 || total
---------------------------+-------+-------++-------
  Melee: Long sword        |   128 |    22 ||   150
  Throw: Javelin           |       |    13 ||    13
Ability: Hop               |     1 |       ||     1
    Use: Potion            |       |     3 ||     3
   Stab: Sleeping          |     1 |       ||     1
 Armour: Scale mail        |    23 |       ||    23
         Leather armour    |    47 |       ||    47
         Robe              |       |    20 ||    20
  Dodge: Dodged            |    96 |    31 ||   127
  Block: Buckler           |    38 |    16 ||    54

Table legend: (Time is in decaauts)
 A = Elapsed time spent in this place.
 B = Non-inter-level travel time spent in this place.
 C = Inter-level travel time spent in this place.
 D = Time resting spent in this place.
 E = Time spent auto-exploring this place.
 F = Levels seen in this place.
 G = Mean time per level.
                   A        B        C        D        E       F      G
               +--------+--------+--------+--------+--------+-----+--------+
         Total |   2722 |   2597 |    125 |      4 |   2015 |   4 |  680.5 |
       Dungeon |   2722 |   2597 |    125 |      4 |   2015 |   4 |  680.5 |
               +--------+--------+--------+--------+--------+-----+--------+

Top non-repeatable levels by time:
     D:1: 1447 daAuts
     D:3: 741 daAuts
     D:2: 526 daAuts
     D:4: 7 daAuts
